 Dungeon Crawl Stone Soup version 0.30-a0-845-g7c6808c8ce (webtiles) character file.

Game seed: 7414711895740372790

114 Strat the Cudgeller (level 4, 0/26 HPs)
             Began as a Gargoyle Reaver on Mar 2, 2023.
             Killed from afar by a white imp (10 damage)
             ... with a puff of frost
             ... on level 3 of the Dungeon.
             The game lasted 00:04:45 (2232 turns).

Strat the Cudgeller (Gargoyle Reaver)               Turns: 2232, Time: 00:04:45

Health: 0/26       AC:  7    Str: 17    XL:     4   Next: 98%
Magic:  7/7        EV: 11    Int: 14    God:
Gold:   170        SH:  0    Dex:  8    Spells: 1/7 levels left

rFire   . . .      SeeInvis .    a - +0 mace
rCold   . . .      Faith    .    (no shield)
rNeg    + . .      Spirit   .    b - +0 leather armour
rPois   ∞          Reflect  .    q - +0 helmet
rElec   +          Rampage  .    (no cloak)
rCorr   .                        (no gloves)
Will    .....                    (no boots)
Stlth   +                        (no amulet)
HPRegen 0.24/turn                p - ring of wizardry
MPRegen 0.10/turn                (no ring)

@: no status effects
A: sickness immunity, AC +3, negative energy resistance 1, electricity
resistance, torment resistance 1, petrification resistance
a: no special abilities


You were on level 3 of the Dungeon.
You visited 1 branch of the dungeon, and saw 3 of its levels.

You collected 170 gold pieces.

Inventory:

Hand Weapons
 a - a +0 mace (weapon)
Missiles
 v - 3 poisoned darts
Armour
 b - a +0 leather armour (worn)
 q - a +0 helmet (worn)
Jewellery
 p - a ring of wizardry (left hand)
Scrolls
 c - a scroll of identify {unknown}
 f - a scroll of fear {unknown}
 k - a scroll of noise {unknown}
 l - a scroll of vulnerability {unknown}
 n - a scroll of teleportation {unknown}
 s - a scroll of magic mapping {unknown}
 t - a scroll of poison {unknown}
 u - a scroll of fog {unknown}
Potions
 d - a potion of might {unknown}
 e - a potion of curing {unknown}
 g - a potion of flight {unknown}
 h - a potion of cancellation {unknown}
 i - a potion of brilliance {unknown}
 j - a potion of lignification {unknown}
 m - 3 potions of resistance {unknown}
 o - 2 potions of degeneration {unknown}
 r - a potion of attraction {unknown}


   Skills:
 - Level 2.1 Fighting
 + Level 4.5 Maces & Flails
 - Level 1.5 Dodging
 - Level 2.0 Spellcasting
 - Level 4.0 Conjurations
 - Level 1.8 Translocations


You had one spell level left.
You knew the following spells:

 Your Spells              Type           Power      Damage    Failure   Level
a - Kiss of Death         Conj/Necr      28%        2d7       5%          1
b - Momentum Strike       Conj/Tloc      18%        3d8       5%          2
c - Hailstorm             Conj/Ice       7%         3d4       16%         3

Your spell library contained the following spells:

 Spells                   Type           Power      Damage    Failure   Level
 Beastly Appendage        Tmut           2%         N/A       12%         1
 Wereblood                Tmut           1%         N/A       17%         2
 Spider Form              Tmut/Pois      1%         N/A       32%         3
 Tukima's Dance           Hex            1%         N/A       32%         3
 Passage of Golubria      Tloc           6%         N/A       45%         4
 Yara's Violent Unravell  Hex/Tmut       0%         3d3       95%         5


Dungeon Overview and Level Annotations

Branches:
Dungeon (3/15)

Altars:
Dithmenos


Innate Abilities, Weirdness & Mutations

You are immune to sickness and miasma.
Your stone body is resilient. (AC +3)
You are immune to poison.
You resist negative energy. (rN+)
You are resistant to electric shocks. (rElec)
You are resistant to unholy torment.
You are immune to petrification.


Message History

Found 3 poisoned darts.
You barely miss the goblin. The goblin hits you with a +0 club.
You sock the goblin!
You kill the goblin!
No target in view!
No target in view!
You see here a +0 club.
You see here 3 poisoned darts.
v - 3 poisoned darts You see here a +0 club.
A white imp comes into view.
The white imp moves out of view.
A white imp is nearby!
The white imp hits you. The white imp freezes you.
You hit the white imp.
The white imp is lightly wounded.
The white imp hits you.
* * * LOW HITPOINT WARNING * * *
The white imp freezes you.
* * * LOW HITPOINT WARNING * * *
You are too injured to fight recklessly!
You are too injured to fight recklessly!
You are too injured to fight recklessly!
You hit the white imp.
The white imp is severely wounded.
The white imp hits you but does no damage.
You closely miss the white imp.
The white imp is severely wounded.
The white imp hits you but does no damage.
The white imp closely misses you.
You hit the white imp.
The white imp is almost dead.
The white imp gestures at you. The puff of frost hits you.
* * * LOW HITPOINT WARNING * * *
You hit the white imp but do no damage.
The white imp is almost dead.
The white imp gestures at you. The puff of frost hits you!
You die...

####.#....# ##.#
#.#.##..###.##
#...##.#.#.#######.
##.###.##..........
###.# #.###.########
#...# #.# #.# #.#.#
#.###.#
####...###.....######
###.....#.@.#.........#
###
#.#...###5..###...#.#.#
#.#
##.#..#...#.#...#..#...#
#.#
#...###...#.#...###....#
#.#
#.....#...#.#...#......#
#.#
####...###...###...###.#
#.#
#...#.....#.#.....#....#
#.#
#...###...#.#...###....#
#.#
##.#...#..#.#..#...#...#


You could see a white imp.

Vanquished Creatures
  Robin (D:2)
  2 adders
  A worm (D:2)
  A dart slug (D:3)
  4 ball pythons
  8 bats
  6 endoplasms
  3 giant cockroaches
  17 goblins
  7 hobgoblins
  5 jackals
  A quokka (D:2)
  A frilled lizard (D:1)
  5 kobolds
  7 rats
69 creatures vanquished.

Notes
Turn   | Place    | Note
-------+----------+-------------------------------------------
     0 | D:1      | Strat the Gargoyle Reaver began the quest for the Orb.
     0 | D:1      | Reached XP level 1. HP: 12/12 MP: 3/3
   174 | D:1      | Reached XP level 2. HP: 15/17 MP: 5/5
   183 | D:1      | Learned a level 2 spell: Momentum Strike
   591 | D:1      | Reached XP level 3. HP: 20/21 MP: 6/6
   611 | D:1      | Learned a level 3 spell: Hailstorm
   986 | D:2      | Noticed Robin
  1127 | D:1      | Reached skill level 1 in Translocations
  1232 | D:2      | Reached XP level 4. HP: 19/26 MP: 7/7
  1850 | D:2      | Killed Robin
  1884 | D:3      | Found a shadowy altar of Dithmenos.
  2232 | D:3      | Killed from afar by a white imp

Illustrated notes

Levels and vault maps discovered:
D:1:      evilmike_arrival_hilbert_curve, layout_loops_corners
D:2:      layout_rooms, uniq_robin
D:3:      mumra_celtic_spiral_tile, layout_loops_ring, grunt_dithmenos_smoke,
          nicolae_titane

Skill      XL: |  1  2  3  4 |
---------------+-------------+-----
Translocations | 1 |  1.8
Maces & Flails | 4 |  4.5
Conjurations   | 4 |  4.0
Fighting       | |  2.1
Dodging        | |  1.5
Spellcasting   | |  2.0

Action                     |  1- 3 |  4- 6 || total
---------------------------+-------+-------++-------
  Melee: Mace              |   108 |    89 ||   197
         Punch             |     1 |     1 ||     2
   Cast: Momentum Strike   |     2 |       ||     2
 Armour: Leather armour    |    57 |    40 ||    97
  Dodge: Dodged            |    80 |    47 ||   127

Table legend: (Time is in decaauts)
 A = Elapsed time spent in this place.
 B = Non-inter-level travel time spent in this place.
 C = Inter-level travel time spent in this place.
 D = Time resting spent in this place.
 E = Time spent auto-exploring this place.
 F = Levels seen in this place.
 G = Mean time per level.
                   A        B        C        D        E       F      G
               +--------+--------+--------+--------+--------+-----+--------+
         Total |   2275 |   2148 |    127 |    146 |   1410 |   3 |  758.3 |
       Dungeon |   2275 |   2148 |    127 |    146 |   1410 |   3 |  758.3 |
               +--------+--------+--------+--------+--------+-----+--------+

Top non-repeatable levels by time:
     D:1: 1312 daAuts
     D:2: 589 daAuts
     D:3: 373 daAuts
